 Dungeon Crawl Stone Soup version 0.25.0-8-gfd19cd77bd (console) character file.

Game seed: 4161521486394917849

75 Kagalorn the Insei (level 4, -1/25 HPs)
             Began as a Kobold Transmuter on June 16, 2020.
             Slain by an adder (3 damage)
             ... on level 2 of the Dungeon.
             The game lasted 00:05:17 (2431 turns).

Kagalorn the Insei (Kobold Transmuter)              Turns: 2431, Time: 00:05:17

Health: -1/25      AC:  4    Str:  8    XL:     4   Next: 55%
Magic:  8/8        EV: 15    Int: 14    God:
Gold:   76         SH:  0    Dex: 15    Spells: 5/8 levels left

rFire    . . .     SeeInvis .   b - -3 hunting sling (curse)
rCold    . . .     Gourm    .   (shield restricted)
rNeg     . . .     Faith    .   i - +0 robe
rPois    .         Spirit   .   (no helmet)
rElec    .         Reflect  .   m - +1 cloak (curse)
rCorr    .         Harm     .   (no gloves)
MR       .....                  (no boots)
Stlth    +.........             (no amulet)
HPRegen  0.08/turn              (no ring)
MPRegen  0.11/turn              (no ring)

@: lethally poisoned (-1 -> -10)
A: small, carnivore
a: no special abilities


You were on level 2 of the Dungeon.
You were very hungry.

You visited 1 branch of the dungeon, and saw 2 of its levels.

You collected 76 gold pieces.

Inventory:

Hand Weapons
 b - a cursed -3 hunting sling (weapon)
Missiles
 a - 32 arrows
 e - 45 stones (quivered)
 k - 24 sling bullets
Armour
 g - a scarf of resistance
 i - a +0 robe (worn)
 m - a cursed +1 cloak (worn)
Potions
 c - 2 potions of curing {unknown}
 l - a potion of flight {unknown}
 n - a potion of resistance
Comestibles
 d - 4 rations


   Skills:
 - Level 1.1 Fighting
 - Level 2.4 Dodging
 * Level 3.9 Unarmed Combat
 + Level 2.7 Spellcasting
 * Level 3.0 Transmutations
 * Level 0.7 Poison Magic


You had 5 spell levels left.
You knew the following spells:

 Your Spells              Type           Power        Failure   Level  Hunger
b - Spider Form           Tmut/Pois      #.........   30%         3    ###....

Your spell library contained the following spells:

 Spells                   Type           Power        Failure   Level  Hunger
 Beastly Appendage        Tmut           ##....       6%          1    #......
 Sticks to Snakes         Tmut           ##......     10%         2    ###....
 Ice Form                 Ice/Tmut       #.......     75%         4    #####..
 Blade Hands              Tmut           ##........   86%         5    ######.


Dungeon Overview and Level Annotations

Branches:
Dungeon (2/15)

Altars:
Dithmenos


Innate Abilities, Weirdness & Mutations

You are small and have problems with some larger weapons.
You are carnivorous and can eat meat at any time.


Message History

Press: ? - help, Shift-Dir - straight line, f/p - adder
Aim: an adder (lightly wounded)
You shoot a stone. The stone closely misses the adder.
* * * LOW HITPOINT WARNING * * *
You feel sick. The adder bites you but does no damage. The adder bites you.
* * * LOW HITPOINT WARNING * * *
Firing (i - inventory. (/) - cycle)
e - 47 stones (quivered)
Press: ? - help, Shift-Dir - straight line, f/p - adder
Aim: an adder (lightly wounded)
You shoot a stone. The stone misses the adder.
* * * LOW HITPOINT WARNING * * *
You feel sick. The adder closely misses you.
Firing (i - inventory. (/) - cycle)
e - 46 stones (quivered)
Press: ? - help, Shift-Dir - straight line, f/p - adder
Aim: an adder (lightly wounded)
You shoot a stone. The stone hits the adder.
The adder is heavily wounded.
* * * LOW HITPOINT WARNING * * *
You feel sick. The adder misses you. The adder bites you.
You die...

#............ #....#
#.. ############.#
####.####.. ...# #.#
#.#..... #..# #.#
#.#.#### #..# #.#
#.#...# #..###.#
#.###.## #..##.# #.#
#... ##....# #.######
##.@#..# #.......
#.S###.#############
#..#.##..............
#..#
###.#############
?..# ### ####


You could see an adder.

Vanquished Creatures
  3 gnolls (D:2)
  An ooze (D:1)
  6 dart slugs
  2 leopard geckos
  2 giant cockroaches
  2 hobgoblins (D:1)
  3 jackals (D:2)
  A quokka (D:2)
  A bat (D:1)
  2 frilled lizards
  3 goblins
  A kobold (D:1)
  4 rats
31 creatures vanquished.

Notes
Turn   | Place    | Note
-------+----------+-------------------------------------------
     0 | D:1      | Kagalorn the Kobold Transmuter began the quest for the Orb.
     0 | D:1      | Reached XP level 1. HP: 12/12 MP: 3/3
    52 | D:1      | You fall into a shaft and drop 1 floor!
   193 | D:1      | Reached XP level 2. HP: 15/16 MP: 3/5
   630 | D:1      | Reached XP level 3. HP: 19/20 MP: 6/6
  1200 | D:2      | Found a shadowy altar of Dithmenos.
  1432 | D:2      | Learned a level 3 spell: Spider Form
  1494 | D:2      | Reached XP level 4. HP: 18/25 MP: 4/7
  2431 | D:2      | Slain by an adder

Illustrated notes

Levels and vault maps discovered:
D:1:      dpeg_arrival_rhombus, layout_rooms, minivault_23
D:2:      minmay_diamond_boxcup, layout_basic, nicolae_overflow_crystal_walls

Skill      XL: |  1  2  3  4 |
---------------+-------------+-----
Transmutations | 3 |  3.0
Fighting       | |  1.1
Dodging        | |  2.4
Unarmed Combat | |  3.9
Spellcasting   | |  2.7
Poison Magic   | |  0.7

Action                   |  1- 3 |  4- 6 || total
-------------------------+-------+-------++-------
Melee: Unarmed           |    83 |    42 ||   125
       Headbutt          |    11 |     3 ||    14
       Kick              |     9 |     1 ||    10
       Punch             |     1 |     1 ||     2
 Fire: Hunting sling     |       |    38 ||    38
 Cast: Beastly Appendage |    17 |     3 ||    20
  Use: Scroll            |       |     4 ||     4
 Stab: Sleeping          |     1 |       ||     1
  Eat: Chunk             |     1 |     3 ||     4
Armor: Robe              |     8 |    13 ||    21
Dodge: Dodged            |    59 |    58 ||   117
